 Dungeon Crawl Stone Soup version 0.24.0-37-gcf1ca852f1 (webtiles) character file.

Game seed: 5739586983368154723, levelgen mode: deterministic

244 Mesmaeker13 the Skirmisher (level 5, 0/45 HPs)
             Began as a Demigod Skald on Dec 2, 2019.
             Slain by a river rat (1 damage)
             ... summoned by Eustachio
             ... on level 4 of the Dungeon.
             The game lasted 00:07:10 (4561 turns).

Mesmaeker13 the Skirmisher (Demigod Skald)          Turns: 4561, Time: 00:07:10

Health: 0/45       AC:  8    Str: 16    XL:     5   Next: 52%
Magic:  0/10       EV:  7    Int: 17    God:
Gold:   155        SH:  6    Dex: 15    Spells: 6/7 levels left

rFire    . . .     SeeInvis .   s - +0 trident
rCold    . . .     Gourm    .   n - +0 buckler
rNeg     . . .     Faith    .   r - +0 chain mail
rPois    .         Spirit   +   (no helmet)
rElec    .         Reflect  +   v - scarf {Spirit}
rCorr    .         Harm     .   (no gloves)
MR       .....                  (no boots)
Stlth    ..........             j - +2 amulet of reflection
HPRegen  0.15/turn              (no ring)
MPRegen  0.12/turn              (no ring)

@: no status effects
A: high mp 1
a: no special abilities


You were on level 4 of the Dungeon.
You were not hungry.

You visited 1 branch of the dungeon, and saw 4 of its levels.

You collected 155 gold pieces.

Inventory:

Hand Weapons
 s - a +0 trident (weapon)
Armour
 a - a scarf of cloud immunity
 n - a +0 buckler (worn)
 r - a +0 chain mail (worn)
 v - a scarf of spirit shield (worn)
Jewellery
 j - a +2 amulet of reflection (around neck)
 q - an uncursed amulet of harm {unknown}
Scrolls
 b - 2 scrolls of remove curse {unknown}
 h - 2 scrolls of fear
 i - 2 scrolls of enchant weapon {unknown}
 k - a scroll of magic mapping
 l - a scroll of random uselessness {unknown}
 m - a scroll of teleportation
 p - a scroll of immolation {unknown}
Potions
 c - 2 potions of curing
 e - 2 potions of flight
 g - a potion of agility {unknown}
 o - a potion of lignification {unknown}
 t - 2 potions of cancellation {unknown}
Comestibles
 d - 8 rations
 u - 2 chunks of flesh


   Skills:
 + Level 3.1 Fighting
 + Level 3.1 Polearms
 + Level 2.6 Armour
 - Level 3.0 Dodging
 + Level 0.7 Shields
 - Level 1.7 Spellcasting
 - Level 2.6 Charms


You had 6 spell levels left.
You knew the following spells:

 Your Spells              Type           Power        Failure   Level  Hunger
a - Infusion              Chrm           ##..         88%         1    #......

Your spell library contained the following spells:

 Spells                   Type           Power        Failure   Level  Hunger
 Song of Slaying          Chrm           ##......     95%         2    ###....
 Shroud of Golubria       Chrm/Tloc      #.....       99%         2    ###....
 Regeneration             Chrm/Necr      #.........   100%        3    ###....
 Spectral Weapon          Hex/Chrm       #.......     100%        3    ###....


Dungeon Overview and Level Annotations

Branches:
Dungeon (4/15)             Temple (0/1) D:4

Annotations:
D:4 Eustachio, Sigmund


Innate Abilities, Weirdness & Mutations

You have an increased reservoir of magic. (+10% MP)


Message History

* * * LOW HITPOINT WARNING * * *
The river rat bites you.
* * * LOW HITPOINT WARNING * * *
The bat hits you but does no damage. The bat hits you. The river rat bites you.
* * * LOW HITPOINT WARNING * * *
The bat barely misses you.
Eustachio casts a spell.
The ufetubus disappears in a puff of smoke!
The bat disappears in a puff of smoke!
Eustachio gestures wildly while chanting.
Eustachio blinks!
The rat closely misses you. The rat bites you.
* * * LOW HITPOINT WARNING * * *
Found a bone wand.
Eustachio gestures wildly while chanting.
Eustachio blinks!
The quokka bites you.
* * * LOW HITPOINT WARNING * * *
The river rat bites you.
You die...

#......... .....>.... .........
........ .# .#.......
./........###........
......#...#...#..... #....
#.... #......
#...#####.>.#####...
#......#.....#......
#..@..#...#...#.....
############rr......###........
#...........5r.....#.#.#.....>.
#....................#.........
#.........§r.........#.........
#..............................
#..............................
############@#.....######......
#.......r...'.....# #......


You could see Eustachio, 2 river rats, an ufetubus, a quokka and a rat.

Vanquished Creatures
  A bullfrog (D:3)
  An iguana (D:4)
  7 adders
  An ooze (D:1)
  4 worms
  A dart slug (D:1)
  4 leopard geckos
  An orc (D:3)
  A giant cockroach (D:1)
  9 goblins
  9 hobgoblins
  8 jackals
  2 ball pythons
  7 bats
  2 frilled lizards (D:2)
  9 kobolds
  4 rats
71 creatures vanquished.

Notes
Turn   | Place    | Note
-------+----------+-------------------------------------------
     0 | D:1      | Mesmaeker13 the Demigod Skald began the quest for the Orb.
     0 | D:1      | Reached XP level 1. HP: 17/17 MP: 5/5
    24 | D:1      | Reached skill level 1 in Armour
   300 | D:1      | Reached XP level 2. HP: 24/24 MP: 5/7
   827 | D:1      | Reached XP level 3. HP: 20/29 MP: 3/8
  1977 | D:2      | Found a hide-covered altar of Uskayaw.
  2017 | D:2      | Reached XP level 4. HP: 26/37 MP: 7/9
  2692 | D:2      | Found a sacrificial altar of Ru.
  3219 | D:3      | Noticed a bullfrog
  3236 | D:3      | Killed a bullfrog
  3236 | D:3      | Reached XP level 5. HP: 21/45 MP: 10/10
  4266 | D:4      | Found a staircase to the Ecumenical Temple.
  4271 | D:4      | Noticed Eustachio
  4349 | D:4      | Noticed Sigmund
  4557 | D:4      | HP: 1/45 [rat[Eustachio] (2)]
  4561 | D:4      | Slain by a river rat

Levels and vault maps discovered:
D:1:      dpeg_arrival_arbitrary_a, layout_loops_ring
D:2:      layout_basic, lemuel_doored_altar, nicolae_ru_the_path_less_chosen
D:3:      layout_basic
D:4:      layout_gridville, minmay_temple_entry_arrows, portal_sewer_entry_e,
          serial_shops, shop, minmay_ruptured, uniq_eustachio, uniq_sigmund

Skill      XL: |  1  2  3  4  5 |
---------------+----------------+-----
Armour         | 1 2 |  2.6
Fighting       | 2 3 |  3.1
Polearms       | 2 3 |  3.1
Dodging        | 2 3 |  3.0
Shields        | |  0.7
Spellcasting   | |  1.7
Charms         | |  2.6

Action                   |  1- 3 |  4- 6 || total
-------------------------+-------+-------++-------
Melee: Spear             |   152 |    60 ||   212
       Trident           |       |    98 ||    98
 Cast: Infusion          |    16 |     2 ||    18
  Use: Scroll            |     4 |     4 ||     8
       Potion            |       |     1 ||     1
 Stab: Sleeping          |     1 |       ||     1
  Eat: Chunk             |     4 |     8 ||    12
Armor: Leather armour    |    31 |       ||    31
       Chain mail        |       |   118 ||   118
Dodge: Dodged            |    72 |    79 ||   151
Block: Other             |     2 |       ||     2
       Buckler           |     1 |    61 ||    62
